 Dungeon Crawl Stone Soup version 0.25-a0-774-g40ae2d4f90 (webtiles) character file.

Game seed: 428800707466880464, levelgen mode: deterministic

6174 Maedhros the Martial Artist (level 10, -13/69 HPs)
             Began as an Octopode Artificer on Apr 14, 2020.
             Was a High Priest of Cheibriados.
             Mangled by a troll (14 damage)
             ... on level 11 of the Dungeon.
             The game lasted 00:34:30 (5560 turns).

Maedhros the Martial Artist (Octopode Artificer)    Turns: 5560, Time: 00:34:31

Health: -13/69     AC:  1    Str: 24    XL:     10   Next: 91%
Magic:  0/14       EV: 20    Int: 26    God:    Cheibriados [*****.]
Gold:   94         SH:  0    Dex: 30    Spells: 7/9 levels left

rFire    . . .     SeeInvis +     - Unarmed
rCold    . . .     Gourm    .   (no shield)
rNeg     . . .     Faith    .   (helmet restricted)
rPois    +         Spirit   +   e - amulet of guardian spirit
rElec    .         Reflect  .   i - ring of poison resistance
rCorr    .         Harm     .   u - ring of see invisible
MR       .....                  (no ring)
Stlth    +++++.....             (no ring)
HPRegen  0.21/turn              (no ring)
MPRegen  0.14/turn              (no ring)
                                (no ring)
                                (no ring)

@: vulnerable, very slow
A: almost no armour, stealthy swim, amphibious, 8 rings, constrict 8, camouflage
1, gelatinous body 1
a: Bend Time, Temporal Distortion, Slouch, Step From Time, Renounce Religion


You were on level 11 of the Dungeon.
You worshipped Cheibriados.
Cheibriados was extremely pleased with you.
You were not hungry.

You visited 2 branches of the dungeon, and saw 12 of its levels.

You collected 514 gold pieces.
You spent 420 gold pieces at shops.

Inventory:

Hand Weapons
 a - a +0 short sword
 q - a +0 flail
Missiles
 o - 24 poisoned darts (quivered)
Magical Staves
 h - an uncursed staff of air
Jewellery
 e - an amulet of guardian spirit (around mantle)
 i - a ring of poison resistance (left tentacle)
 u - a ring of see invisible (right tentacle)
Wands
 c - a wand of digging (5)
 d - a wand of random effects (32)
Scrolls
 g - 5 scrolls of remove curse
 k - a scroll of enchant armour
 l - a scroll of noise
 n - 3 scrolls of amnesia
 v - a scroll of summoning {unknown}
Potions
 j - 2 potions of curing
 m - a potion of flight
 r - 3 potions of brilliance
Comestibles
 b - 2 chunks of flesh
 f - 15 rations


   Skills:
 + Level 6.5 Fighting
 - Level 1.0 Short Blades
 + Level 6.9 Dodging
 - Level 4.6 Stealth
 - Level 10.0 Unarmed Combat
 - Level 2.0 Necromancy
 - Level 2.0 Translocations
 - Level 6.0 Invocations
 + Level 5.9 Evocations


You had 7 spell levels left.
You knew the following spells:

 Your Spells              Type           Power        Failure   Level  Hunger
a - Animate Skeleton      Necr           N/A          5%          1    ##.....
b - Apportation           Tloc           ##....       5%          1    ##.....

Your spell library contained the following spells:

 Spells                   Type           Power        Failure   Level  Hunger
 Corona                   Hex            #......      13%         1    ##.....
 Summon Small Mammal      Summ           #...         13%         1    ##.....


Dungeon Overview and Level Annotations

Branches:
Dungeon (11/15)            Temple (1/1) D:4             Orc (0/2) D:11
   Lair: D:8-11

Altars:
Cheibriados
Dithmenos
Elyvilon
Gozag
Hepliaklqana
Okawaru
Ru
Sif Muna
Trog
Xom
Yredelemnul
Zin

Shops:
D:8 =

Annotations:
D:3 Grinder
D:7 Joseph


Innate Abilities, Weirdness & Mutations

You cannot wear most types of armour.
You are very stealthy in the water. (Stealth+)
You are amphibious.
You can wear up to eight rings at the same time.
You can use your tentacles to constrict eight enemies at once.
Your skin changes colour to match your surroundings (Stealth+).
Your rubbery body absorbs attacks. (AC +1, EV +1)


Message History

The troll is lightly wounded.
The troll bites you!! The troll barely misses you. The troll claws you!
Evoke which item? (* to show all) (? for menu, Esc to quit)
Okay, then.
Okay, then.
You tentacle-slap the troll but do no damage.
The troll is lightly wounded.
You bludgeon the troll!
The troll is heavily wounded.
The troll bites you!
* * * LOW HITPOINT WARNING * * *
The troll claws you.
* * * LOW HITPOINT WARNING * * *
The troll misses you.
You bludgeon the troll! You squeeze the troll!
The troll is almost dead.
The troll bites you!
* * * LOW HITPOINT WARNING * * *
The troll claws you!
You die...

,,*,,,,,,,,,,,,,,,,* *,,*,,,*,,*
**,,,,,,,.........** *,,,,,,,,,*
,*,,,,,,*........### *,,*,,,*,,*
,,,,,,,,,,.........## *,,,,,,,,,*
,,*,,,,,,,,.........##*,,*,,,*,,*
,,,,,,,,,,,,#....!...#*,,,,,,,,,*
,*,,,,,,,,**#.....(..#*,,*,,,*,,*
**,,,,,,,,,**#.T...#***,,,,,,,,,*
,,,,,,,,,,,***#.@.#* *,,*,,,*,,*
,,,,,,,,,,,*#....## *,,,,,,,,,*
,,,,,,,,,........#*****,,*,,,*,,*
,,,,,,,,*##..##...,,,,,,,,,,,,,,*
,,,,,,,,,*#.,,#...****,,,*,,,,,,*
,,,,,,,,,>#,,,##.## *,,,,,,,,***
,,,,*,,*,,*****### *,,,,,,,,*
,,,,******* **,,,,,,,* ,,,**
**,,,,,**


You could see a troll.

Vanquished Creatures
  A two-headed ogre (D:8)
  Psyche (D:10)
  4 hogs (D:8)
  2 hippogriffs
  5 yaks (D:9)
  Menkaure (D:7)
  A water moccasin (D:8)
  6 orc warriors (D:9)
  A sky beast (D:8)
  An eye of draining (D:8)
  A phantom (D:9)
  A black bear (D:7)
  2 necrophages (D:7)
  2 centaurs (D:9)
  An ogre (D:10)
  2 big kobolds (D:7)
  6 scorpions
  2 killer bees (D:9)
  3 howler monkeys (D:9)
  3 crimson imps
  A bullfrog zombie (D:6)
  3 hounds
  2 jellies
  7 orc priests
  8 orc wizards
  2 bullfrog skeletons
  2 iguanas
  3 worker ants
  A hound skeleton (D:4)
  A worker ant zombie (D:8)
  7 gnolls
  9 adders
  2 shadow imps
  3 worms
  5 dart slugs
  3 leopard geckos
  31 orcs
  4 bats
  3 giant cockroaches
  6 goblins
  5 hobgoblins
  2 jackals (D:5)
  7 kobolds
  6 quokkas
  A ball python (D:3)
  A ball python skeleton (D:4)
  A leopard gecko skeleton (D:5)
  A rat (D:1)
  A butterfly (D:5)
174 creatures vanquished.

Vanquished Creatures (collateral kills)
  2 yaks (D:9)
  A black bear (D:8)
  A bullfrog (D:7)
  6 orcs
  A quokka (D:7)
11 creatures vanquished.

Vanquished Creatures (others)
  A human (D:8)
  An ice beast (D:7)
  An orc priest (D:3)
  A quokka (D:3)
  4 fungi (D:10)
8 creatures vanquished.

Grand Total: 193 creatures vanquished

Notes
Turn   | Place    | Note
-------+----------+-------------------------------------------
     0 | D:1      | Maedhros the Octopode Artificer began the quest for the
                  | Orb.
     0 | D:1      | Reached XP level 1. HP: 13/13 MP: 3/3
    64 | D:3      | Noticed an orc priest
   120 | D:2      | Reached skill level 1 in Unarmed Combat
   211 | D:2      | Found an iron altar of Okawaru.
   262 | D:3      | Reached XP level 2. HP: 15/18 MP: 4/4
   373 | D:3      | Noticed Grinder
   464 | D:3      | Reached skill level 2 in Unarmed Combat
   464 | D:3      | Reached XP level 3. HP: 23/23 MP: 5/5
   490 | D:4      | Found a staircase to the Ecumenical Temple.
   503 | Temple   | Entered the Ecumenical Temple
   535 | Temple   | Became a worshipper of Cheibriados the Contemplative
  1399 | D:3      | Reached skill level 3 in Unarmed Combat
  1399 | D:3      | Reached XP level 4. HP: 5/28 MP: 6/6
  1500 | D:3      | Reached * piety under Cheibriados
  1763 | D:4      | Reached XP level 5. HP: 25/33 MP: 7/7
  1930 | D:5      | Entered Level 5 of the Dungeon
  2006 | D:5      | Reached skill level 4 in Unarmed Combat
  2177 | D:5      | Found a shimmering altar of Xom.
  2275 | D:5      | Reached XP level 6. HP: 26/38 MP: 8/8
  2452 | D:5      | Reached skill level 5 in Unarmed Combat
  2458 | D:5      | Reached ** piety under Cheibriados
  2794 | D:6      | Reached skill level 6 in Unarmed Combat
  2794 | D:6      | Reached XP level 7. HP: 43/43 MP: 9/9
  2887 | D:7      | Noticed Menkaure
  2913 | D:7      | Reached skill level 7 in Unarmed Combat
  2940 | D:7      | Found a bloodstained altar of Trog.
  2943 | D:7      | Found a shadowy altar of Dithmenos.
  2955 | D:7      | Noticed Joseph
  3182 | D:7      | Reached XP level 8. HP: 46/50 MP: 10/10
  3261 | D:7      | Reached *** piety under Cheibriados
  3261 | D:7      | Reached skill level 8 in Unarmed Combat
  3406 | D:8      | Noticed a hippogriff
  3488 | D:8      | Killed a hog
  3496 | D:8      | Reached skill level 9 in Unarmed Combat
  3496 | D:8      | Reached XP level 9. HP: 16/58 MP: 11/11
  3643 | D:7      | Killed Menkaure
  3815 | D:9      | Reached skill level 5 in Dodging
  3869 | D:9      | Reached **** piety under Cheibriados
  3959 | D:8      | Noticed a two-headed ogre
  3970 | D:8      | Reached skill level 1 in Invocations
  4050 | D:8      | Reached skill level 10 in Unarmed Combat
  4060 | D:8      | Reached skill level 5 in Fighting
  4086 | D:8      | Found Nacirebb's Jewellery Shoppe.
  4186 | D:8      | Noticed a two-headed ogre
  4192 | D:8      | Killed a two-headed ogre
  4192 | D:8      | Reached XP level 10. HP: 61/66 MP: 11/13
  4370 | D:9      | Learned a level 1 spell: Animate Skeleton
  4372 | D:9      | Learned a level 1 spell: Apportation
  4387 | D:9      | Reached skill level 5 in Invocations
  4411 | D:9      | Reached skill level 5 in Evocations
  4415 | D:9      | Reached ***** piety under Cheibriados
  4477 | D:9      | Reached skill level 1 in Necromancy
  4511 | D:9      | Reached skill level 1 in Translocations
  4520 | D:9      | Found a sacrificial altar of Ru.
  4898 | D:9      | Paralysed by a hornet for 2 turns
  5011 | D:8      | Bought an uncursed ring of poison resistance for 240 gold
                  | pieces
  5011 | D:8      | Bought an uncursed ring of see invisible for 180 gold
                  | pieces
  5231 | D:10     | Entered Level 10 of the Dungeon
  5456 | D:10     | Noticed a seven-headed hydra
  5456 | D:10     | Noticed an unseen horror
  5493 | D:10     | Noticed Psyche
  5499 | D:10     | Killed Psyche
  5560 | D:11     | HP: 1/69 [troll (14)]
  5560 | D:11     | Mangled by a troll

Levels and vault maps discovered:
D:1:      eino_arrival_water_cross, layout_basic, ashenzari_altar_1
D:2:      layout_loops_ring, okawaru_gym_becter
D:3:      layout_basic, first_ration, uniq_grinder
D:4:      layout_gridville, minmay_temple_entry_stoned_glass
D:5:      layout_basic, nemelex_xobeh_ov_fountains_minmay,
          kennysheep_little_box, xom_butterflies, chequers_serial_rivers_room_a,
          kennysheep_crisscross
D:6:      layout_rooms, chequers_jeans
D:7:      layout_cave_pools, minitemple, uniq_menkaure, uniq_joseph
D:8:      layout_gridville, serial_shops, shop, grunt_livestock
D:9:      layout_basic, marbit_many_paths, special_room [special_room_orc]
D:10:     minmay_the_grid_triangle_9x9_recursive_2_mashed
          [minmay_the_grid_triangle_9x9_prize_top_heavy,
          minmay_the_grid_triangle_9x9_longest,
          minmay_the_grid_triangle_9x9_negative_grid,
          minmay_the_grid_triangle_9x9_checkered], layout_basic,
          grunt_lair_entry_orc_guard_hut, serial_shops, shop, uniq_psyche
D:11:     layout_cave_pools, kennysheep_orc_monster_closet_entryway,
          serial_park, serial_park_square1 [serial_park_minivault_5x5_8],
          serial_park_avenue1, gauntlet_entry_generic, uniq_snorg
Temple:   dpeg_chambers_temple

Skill      XL: |  1  2  3  4  5  6  7  8  9 10 |
---------------+-------------------------------+-----
Unarmed Combat | 1 2 3 4 6 7 9 10 | 10.0
Stealth        | 2 3 4 |  4.6
Fighting       | 2 3 5 6 |  6.5
Dodging        | 4 5 6 |  6.9
Invocations    | 3 6 |  6.0
Evocations     | 4 5 |  5.9
Necromancy     | 2 |  2.0
Translocations | 2 |  2.0
Short Blades   | |  1.0

Action                   |  1- 3 |  4- 6 |  7- 9 | 10-12 || total
-------------------------+-------+-------+-------+-------++-------
Melee: Short sword       |    69 |       |       |       ||    69
       Constrict         |    19 |    22 |    42 |    32 ||   115
       Tentacles         |    11 |    12 |    50 |    57 ||   130
       Unarmed           |     2 |    77 |   147 |   132 ||   358
       Punch             |     2 |     2 |    18 |    26 ||    48
Throw: Dart              |       |       |     1 |     3 ||     4
 Cast: Animate Skeleton  |       |       |       |     8 ||     8
       Apportation       |       |       |       |     3 ||     3
Evoke: Wand              |    14 |    12 |     5 |     2 ||    33
  Use: Potion            |     3 |       |       |     1 ||     4
       Scroll            |       |     6 |       |     7 ||    13
 Stab: Sleeping          |     6 |     2 |     7 |     8 ||    23
       Paralysed         |     2 |       |       |       ||     2
       Distracted        |       |       |       |     1 ||     1
  Eat: Ration            |     1 |       |       |       ||     1
       Chunk             |       |     1 |     3 |     3 ||     7
Armor: Skin              |     4 |     1 |     2 |     1 ||     8
Dodge: Dodged            |    43 |    42 |    78 |    95 ||   258

Table legend:
 A = Non-vault XP
 B = Vault XP
 C = Vault XP percentage of total XP
 D = Non-vault monster count
 E = Vault monster count
 F = Vault count percentage of total count
                 A         B        C        D         E       F
            +---------+---------+-------+---------+---------+-------
      Total |    6209 |    2611 |  29.6 |     151 |      33 |  17.9
            +---------+---------+-------+---------+---------+-------
        D:1 |      27 |       0 |   0.0 |      12 |       0 |   0.0
        D:2 |      16 |       0 |   0.0 |       6 |       0 |   0.0
        D:3 |      78 |       0 |   0.0 |      15 |       0 |   0.0
        D:4 |      91 |       0 |   0.0 |       7 |       0 |   0.0
        D:5 |     236 |       0 |   0.0 |      16 |       0 |   0.0
        D:6 |     283 |       0 |   0.0 |       6 |       0 |   0.0
        D:7 |     860 |     169 |  16.4 |      29 |       1 |   3.3
        D:8 |    1796 |     778 |  30.2 |      15 |       4 |  21.1
        D:9 |    2594 |    1111 |  30.0 |      39 |      25 |  39.1
       D:10 |     228 |     553 |  70.8 |       6 |       3 |  33.3
            +---------+---------+-------+---------+---------+-------
